 Dungeon Crawl Stone Soup version 0.31-a0-588-g14bffd4ff3 (webtiles) character file.

Game seed: 3733707578154927466

230 Conn the Firebug (level 6, -1/36 HPs)
             Began as an Octopode Fire Elementalist on Aug 19, 2023.
             Was an Initiate of Sif Muna.
             Killed by an exploding Eustachio (37 damage)
             ... ignited by their inner flame
             ... on level 4 of the Dungeon.
             The game lasted 00:07:45 (3715 turns).

Conn the Firebug (Octopode Fire Elementalist)       Turns: 3715, Time: 00:07:45

Health: -1/36      AC:  1    Str:  7    XL:     6   Next: 3%
Magic:  0/10       EV: 13    Int: 25    God:    Sif Muna [......]
Gold:   137        SH:  0    Dex: 13    Spells: 1/11 levels left

rFire   . . .        k - +2 mace (protect)
rCold   . . .        (no shield)
rNeg    . . .        A - +0 hat
rPois   .            b - amulet of guardian spirit
rElec   .            r - +6 ring of intelligence
rCorr   .            i - ring of wizardry
SInv    .            n - ring of wizardry
Will    .....        (no ring)
Stlth   +++          (no ring)
HPRegen 0.26/turn    (no ring)
MPRegen 0.12/turn    (no ring)
                     (no ring)

%: guardian spirit, wizardry (x2)
@: no status effects
A: almost no armour, amphibious, 8 rings, camouflage 1, gelatinous body 1,
(nimble swimmer 1), tentacles
a: Renounce Religion


You were on level 4 of the Dungeon.
You worshipped Sif Muna.
Sif Muna was noncommittal.
You visited 2 branches of the dungeon, and saw 5 of its levels.

You collected 137 gold pieces.

Inventory:

Hand Weapons
 e - a +4 short sword of chaos
 h - a +2 short sword of speed
 k - a +2 mace of protection (weapon)
Missiles
 x - 5 silver javelins
 z - a throwing net
Armour
 s - a +0 kite shield
 u - a +0 buckler
 A - a +0 hat (worn)
Magical Staves
 B - a staff of air
Jewellery
 b - an amulet of guardian spirit (around mantle)
 i - a ring of wizardry (right tentacle)
 n - a ring of wizardry (on tentacle)
 r - a +6 ring of intelligence (left tentacle)
Talismans
 c - a storm talisman
Scrolls
 f - a scroll of identify
 g - 2 scrolls of teleportation {unknown}
 m - a scroll of amnesia
 o - a scroll of noise {unknown}
 q - a scroll of butterflies
 t - 2 scrolls of blinking {unknown}
 w - a scroll of fear {unknown}
Potions
 a - a potion of magic
 d - a potion of haste {unknown}
 j - a potion of degeneration {unknown}
 l - a potion of might {unknown}
 p - a potion of ambrosia {unknown}
 v - a potion of berserk rage {unknown}


   Skills:
 + Level 1.6 Maces & Flails
 + Level 2.2 Dodging
 + Level 4.0 Stealth
 * Level 1.2 Shields
 * Level 3.1 Spellcasting
 * Level 1.8 Conjurations
 + Level 4.4 Fire Magic


You had one spell level left.
You knew the following spells:

 Your Spells              Type           Power      Damage    Failure   Level
a - Foxfire               Conj/Fire      76%        2x1d7     1%          1
b - Scorch                Fire           50%        2d7       1%          2
c - Inner Flame           Hex/Fire       14%        N/A       3%          3
d - Flame Wave            Conj/Fire      19%        2d7       8%          4

Your spell library contained the following spells:

 Spells                   Type           Power      Damage    Failure   Level
 Apportation              Tloc           6%         N/A       2%          1
 Volatile Blastmotes      Fire/Tloc      28%        2d12      3%          3
 Fulminant Prism          Conj/Hex       4%         3d5       17%         4
 Iskenderun's Mystic Bla  Conj/Tloc      8%         2d4       17%         4
 Alistair's Intoxication  Tmut/Pois      2%         N/A       54%         5


Dungeon Overview and Level Annotations

Branches:
Dungeon (4/15)             Temple (1/1) D:4

Altars:
Ashenzari
Cheibriados
Dithmenos
Elyvilon
Fedhas
Kikubaaqudgha
Nemelex Xobeh
Okawaru
Ru
Sif Muna
Uskayaw
Vehumet
Xom
Yredelemnul
Zin
The Shining One


Innate Abilities, Weirdness & Mutations

You cannot wear most types of armour.
You are amphibious.
You can wear up to eight rings at the same time.
Your skin changes colour to match your surroundings (Stealth+).
Your rubbery body absorbs attacks. (AC +1, EV +1)
((You are camouflaged when in or above water. (Stealth+)))
You have tentacles for arms and can constrict up to eight enemies at once.


Message History

You don't have enough magic to cast this spell.
Unknown command.
Casting: Foxfire (safe; 1% risk of failure)
Confirm with . or Enter, or press ? or * to list all spells.
You don't have enough magic to cast this spell.
The foxfire hits Eustachio.
Flame seeps out of Eustachio.
Eustachio is lightly wounded.
The foxfire hits Eustachio.
Flame seeps out of Eustachio.
Eustachio is moderately wounded.
Eustachio is engulfed in blazing flames.
Flame seeps out of Eustachio.
Eustachio mumbles some strange words.
Eustachio blinks!
Unknown command.
Unknown command.
Unknown command.
Okay, then.
Unknown command.
Unknown command.
Unknown command.
Throw: 2 darts (curare)
Press: ? - help, Q - select action, (/) - cycle Shift-Dir - straight line, f/p - Eustachio
Aim: Eustachio, wielding a +0 rapier and wearing a +0 leather armour (moderately wounded, inner flame, 38% to hit)
You throw a curare-tipped dart.
The curare-tipped dart closely misses Eustachio.
Throw: dart (curare)
Press: ? - help, Q - select action, (/) - cycle Shift-Dir - straight line, f/p - Eustachio
Aim: Eustachio, wielding a +0 rapier and wearing a +0 leather armour (moderately wounded, inner flame, 38% to hit)
You throw a curare-tipped dart. The curare-tipped dart hits Eustachio.
Eustachio is poisoned.
Eustachio convulses.
Flame seeps out of Eustachio.
Eustachio seems to slow down.
Eustachio is heavily wounded.
Flame seeps out of Eustachio.
Eustachio is engulfed in blazing flames.
Sif Muna accepts your kill.
Eustachio explodes!
The fiery explosion engulfs you!!!
Ouch! That really hurt!
You die...

#####.)...... ####§.§#
#..###### #.##._[#
#####..# #.##.##§.§#
.......# #.##.##...#
###.##.##
#.##.##§.§#######
#......#
#.##.##...##....#
##.##..#
#.##.###'######.#
#.###.#
#.##.#.....####.# ..#
#.# #.##@§...)...##.#
####
#.#####.##○#.....#.##.#
#.....#§§§§###'###.#..#
#.#....§.(.##...###..##
#.#...#######§.☼##.#.#
#.##.## #...####.#
#.##.# #§.§# #.# #.##.#
#._.# #.# ..##.# #§.§#
#.#


There were no monsters in sight!

Vanquished Creatures
  Eustachio (D:4)
  The ghost of Kiciri the Sneak, an amateur SpEn (D:3)
  A hound (D:4)
  Robin (D:4)
  An adder (D:2)
  A worm (D:2)
  2 dart slugs (D:2)
  8 orcs
  2 endoplasms
  18 goblins
  6 hobgoblins
  5 jackals
  5 kobolds
  A quokka (D:4)
  3 ball pythons
  4 bats
  A frilled lizard (D:3)
  A rat (D:1)
62 creatures vanquished.

Vanquished Creatures (others)
  104 foxfires
104 creatures vanquished.

Grand Total: 166 creatures vanquished

Notes
Turn   | Place    | Note
-------+----------+-------------------------------------------
     0 | D:1      | Conn the Octopode Fire Elementalist began the quest for the
                  | Orb.
     0 | D:1      | Reached XP level 1. HP: 11/11 MP: 3/3
   338 | D:1      | Reached XP level 2. HP: 17/17 MP: 5/5
   747 | D:1      | Learned a level 2 spell: Scorch
   816 | D:2      | Reached XP level 3. HP: 21/21 MP: 1/6
   905 | D:2      | Learned a level 3 spell: Inner Flame
  1839 | D:3      | Found a runed translucent gate.
  1839 | D:3      | Found a runed translucent gate.
  1841 | D:3      | Found a runed translucent gate.
  1842 | D:3      | Noticed Kiciri's ghost (amateur SpEn)
  2139 | D:3      | Reached XP level 4. HP: 27/27 MP: 4/7
  2245 | D:3      | Reached skill level 1 in Maces & Flails
  2688 | D:3      | Killed Kiciri's ghost
  2689 | D:3      | Reached XP level 5. HP: 10/31 MP: 1/9
  3097 | D:4      | Reached skill level 1 in Shields
  3101 | D:4      | Noticed Robin
  3209 | D:4      | Killed Robin
  3210 | D:4      | Reached XP level 6. HP: 30/36 MP: 2/10
  3462 | D:4      | Found a staircase to the Ecumenical Temple.
  3463 | D:4      | Noticed Eustachio
  3470 | Temple   | Entered the Ecumenical Temple
  3478 | Temple   | Became a worshipper of Sif Muna the Loreminder
  3597 | D:4      | Learned a level 4 spell: Flame Wave
  3644 | D:4      | Found a glowing golden altar of the Shining One.
  3654 | D:4      | Noticed an angel
  3686 | D:4      | Found a basalt altar of Yredelemnul.
  3688 | D:4      | Noticed a profane servitor
  3715 | D:4      | Killed Eustachio
  3715 | D:4      | Killed by an exploding Eustachio... ignited by their inner
                  | flame

Illustrated notes

Levels and vault maps discovered:
D:1:      ldierk_walled_garden, layout_loops_ring, minivault_23
D:2:      layout_loops_ring
D:3:      layout_loops_corners, biasface_ghost_orc_armoury
D:4:      layout_loops_ring, grunt_temple_overflow_holy_war,
          minmay_temple_entry_slanted, uniq_robin, uniq_eustachio
Temple:   nicolae_temple_two_arcs

Skill      XL: |  1  2  3  4  5 |
---------------+----------------+-----
Stealth        | 3 4 |  4.0
Maces & Flails | 1 |  1.6
Fire Magic     | 4 |  4.4
Shields        | 1 |  1.2
Spellcasting   | 3 |  3.1
Dodging        | |  2.2
Conjurations   | |  1.8

Action                     |  1- 3 |  4- 6 || total
---------------------------+-------+-------++-------
  Melee: Short sword       |     6 |       ||     6
         Constrict         |     5 |     8 ||    13
         Tentacles         |     3 |     7 ||    10
         Unarmed           |     1 |       ||     1
         Mace              |    15 |    28 ||    43
  Throw: Dart              |       |     2 ||     2
   Cast: Foxfire           |    47 |    16 ||    63
         Scorch            |     1 |    10 ||    11
         Inner Flame       |       |     6 ||     6
    Use: Potion            |       |     2 ||     2
         Scroll            |       |     8 ||     8
   Stab: Sleeping          |     5 |     4 ||     9
 Armour: Skin              |     7 |    20 ||    27
  Dodge: Dodged            |    13 |    40 ||    53

Table legend: (Time is in decaauts)
 A = Elapsed time spent in this place.
 B = Non-inter-level travel time spent in this place.
 C = Inter-level travel time spent in this place.
 D = Time resting spent in this place.
 E = Time spent auto-exploring this place.
 F = Levels seen in this place.
 G = Mean time per level.
                   A        B        C        D        E       F      G
               +--------+--------+--------+--------+--------+-----+--------+
         Total |   3727 |   3622 |    105 |    247 |   2648 |   5 |  745.4 |
       Dungeon |   3710 |   3605 |    105 |    247 |   2648 |   4 |  927.5 |
        Temple |     16 |     16 |      0 |      0 |      0 |   1 |   16.0 |
               +--------+--------+--------+--------+--------+-----+--------+

Top non-repeatable levels by time:
     D:3: 1513 daAuts
     D:2: 906 daAuts
     D:1: 765 daAuts
     D:4: 525 daAuts
  Temple: 16 daAuts
